 Dungeon Crawl Stone Soup version 0.31-a0-1540-g5a0b83f448 (webtiles) character file.

Game seed: 16257021170303150712

100 hito the Changeling (level 5, 0/37 HPs)
             Began as a Djinni Shapeshifter on Jan 1, 2024.
             Slain by a gnoll
             ... wielding a +0 club
              (3 damage)
             ... on level 4 of the Dungeon.
             The game lasted 00:04:58 (2685 turns).

hito the Changeling (Djinni Shapeshifter)           Turns: 2685, Time: 00:04:58

Health: 0/37       AC:  2    Str: 13    XL:     5   Next: 3%
Gold:   231        EV: 12    Int: 14    God:
                   SH:  0    Dex: 12

rFire   + + .        s - +0 spear (heavy)
rCold   x . .        (no shield)
rNeg    . . .        a - +0 animal skin
rPois   ∞            (helmet currently unavailable)
rElec   .            (cloak currently unavailable)
rCorr   .            (gloves currently unavailable)
SInv    .            (boots unavailable)
Will    .....        (no amulet)
Stlth   +            (no ring)
HPRegen 0.26/turn    (no ring)
MPRegen 0.00/turn

%: infuse magic (-1 HP)
@: beast-form, flying
A: beast (slay +2), flying, sickness immunity, fire resistance 2, cold
vulnerability 1, float, innate caster, HP casting, extra vitality 1
a: Begin Untransformation


You were on level 4 of the Dungeon.
You were a hulking beast.
You visited 1 branch of the dungeon, and saw 4 of its levels.

You collected 231 gold pieces.

Inventory:

Hand Weapons
 e - a +0 dagger
 s - a +0 heavy spear (weapon)
 A - a +2 spear of pain
Missiles
 f - 2 throwing nets
Armour
 a - a +0 animal skin (worn)
Talismans
 c - a beast talisman
 d - a flux talisman
 l - a serpent talisman
Wands
 u - a wand of mindburst (5)
Scrolls
 h - 4 scrolls of teleportation {unknown}
 i - 2 scrolls of identify {unknown}
 m - a scroll of amnesia {unknown}
 o - a scroll of fear {unknown}
 p - a scroll of noise {unknown}
 t - a scroll of vulnerability {unknown}
 w - a scroll of fog {unknown}
 x - a scroll of revelation {unknown}
 y - a scroll of silence {unknown}
Potions
 b - 2 potions of lignification
 g - a potion of might {unknown}
 j - a potion of attraction {unknown}
 k - a potion of brilliance {unknown}
 n - a potion of heal wounds {unknown}
 q - a potion of haste {unknown}
 r - a potion of invisibility {unknown}
 v - a potion of curing {unknown}
 z - a potion of cancellation {unknown}


   Skills:
 - Level 1.0 Fighting
 - Level 2.1 Dodging
 - Level 3.0 Unarmed Combat
 + Level 2.2 Spellcasting
 + Level 2.2 Conjurations
 + Level 2.2 Hexes
   Level 0.0 Charms
 + Level 2.2 Summonings
 + Level 2.2 Necromancy
 + Level 2.2 Translocations
   Level 0.0 Transmutations
 + Level 2.2 Fire Magic
 + Level 2.2 Ice Magic
 + Level 2.2 Air Magic
 + Level 2.2 Earth Magic
 + Level 2.2 Alchemy
 + Level 3.6 Shapeshifting


You knew the following spells:

 Your Spells              Type           Power      Damage    Failure   Level
a - Magic Dart            Conj           28%        1d4       10%         1
b - Searing Ray           Conj           14%        2d5       14%         2
Your spell library was empty.

Dungeon Overview and Level Annotations

Branches:
Dungeon (4/15)
 Temple: D:4-7

Altars:
Hepliaklqana
Makhleb

Annotations:
D:3 exclusion: downstairs


Innate Abilities, Weirdness & Mutations

You are a hulking beast.
Your limbs bulge with bestial killing power. (Slay +2)
You are flying.
You are immune to sickness and miasma.
You are immune to poison.
Your flesh is very heat resistant. (rF++)
You are vulnerable to cold. (rC-)
You float through the air rather than walking.
You learn spells naturally, not from books.
Your magical power is your life essence.
You have superior vitality. (+4 MHP)


Message History

Aiming: Magic Dart (safe; 10% risk of failure)
Press: ? - help, Shift-Dir - straight line, f/p - gnoll
Aim: a gnoll, wielding a +0 spear (almost dead, 100% to hit)
The magic dart hits the gnoll but does no damage.
The gnoll is almost dead.
The gnoll hits you from afar with a +0 spear.
* * * LOW HITPOINT WARNING * * *
Casting: Magic Dart (safe; 10% risk of failure)
Confirm with . or Enter, or press ? or * to list all spells.
Aiming: Magic Dart (safe; 10% risk of failure)
Press: ? - help, Shift-Dir - straight line, f/p - gnoll
Aim: a gnoll, wielding a +0 spear (almost dead, 100% to hit)
The magic dart hits the gnoll.
You kill the gnoll!
* * * LOW HITPOINT WARNING * * *
You have reached level 5!
The power to cast Searing Ray wells up from within.
Spell assigned to 'b'.
Unknown command.
Reach: s) +0 spear (heavy)
Press: ? - help, Dir - move target, f - gnoll
Aim: a gnoll, wielding a +0 club (about 35% to evade your +0 heavy spear)
You reach to attack!
You puncture the gnoll!
The gnoll is severely wounded.
Unknown command.
Reach: s) +0 spear (heavy)
Press: ? - help, Dir - move target, f/p - gnoll
Aim: a gnoll, wielding a +0 club (severely wounded, about 35% to evade your +0 heavy spear)
You barely miss the gnoll.
The gnoll is severely wounded.
The gnoll barely misses you. The gnoll misses you.
Reach: s) +0 spear (heavy)
Press: ? - help, Dir - move target, f/p - gnoll
Aim: a gnoll, wielding a +0 club (severely wounded, about 35% to evade your +0 heavy spear)
You hit the gnoll.
The gnoll is almost dead.
The gnoll hits you with a +0 club!
* * * LOW HITPOINT WARNING * * *
The gnoll hits you with a +0 club.
You die...

#
########################
......<.......)gh.......
#####........###########
#........######
#......<.......
#..............
#..........>...
###.#####...(.. #.#
#+#### #.#


You could see a gnoll.

Vanquished Creatures
  2 adders (D:2)
  3 gnolls (D:4)
  A dart slug (D:2)
  2 ribbon worms
  2 orcs (D:3)
  4 endoplasms
  A giant cockroach (D:1)
  4 goblins (D:1)
  A hobgoblin (D:2)
  5 kobolds
  3 quokkas (D:2)
  4 ball pythons
  9 bats
  A frilled lizard (D:2)
  4 rats
  A spectral orc (D:3)
47 creatures vanquished.

Notes
Turn   | Place    | Note
-------+----------+-------------------------------------------
     0 | D:1      | hito the Djinni Shapeshifter began the quest for the Orb.
     0 | D:1      | Reached XP level 1. HP: 17/17 MP: 0/0
    83 | D:1      | Reached XP level 2. HP: 16/22 MP: 0/0
   254 | D:1      | Reached skill level 1 in Spellcasting
   254 | D:1      | Reached skill level 1 in Conjurations
   254 | D:1      | Reached skill level 1 in Hexes
   254 | D:1      | Reached skill level 1 in Summonings
   254 | D:1      | Reached skill level 1 in Necromancy
   254 | D:1      | Reached skill level 1 in Translocations
   254 | D:1      | Reached skill level 1 in Fire Magic
   254 | D:1      | Reached skill level 1 in Ice Magic
   254 | D:1      | Reached skill level 1 in Air Magic
   254 | D:1      | Reached skill level 1 in Earth Magic
   254 | D:1      | Reached skill level 1 in Alchemy
   885 | D:2      | Reached XP level 3. HP: 2/27 MP: 0/0
   885 | D:2      | Learned a level 1 spell: Magic Dart
  1181 | D:2      | Found a burning altar of Makhleb.
  1330 | D:2      | Reached XP level 4. HP: 23/32 MP: 0/0
  2193 | D:3      | Found a hazy altar of Hepliaklqana.
  2683 | D:4      | Reached XP level 5. HP: 8/37 MP: 0/0
  2683 | D:4      | Learned a level 2 spell: Searing Ray
  2685 | D:4      | Slain by a gnoll

Illustrated notes

Levels and vault maps discovered:
D:1:      minmay_arrival_diagonal_passages, layout_loops_ring
D:2:      layout_rooms, basic_altar, kennysheep_path_1
D:3:      layout_basic, nicolae_hepliaklqana_monster_ancestors
D:4:      layout_basic

Skill      XL: |  1  2  3  4 |
---------------+-------------+-----
Spellcasting   | 1 2 |  2.2
Conjurations   | 1 2 |  2.2
Hexes          | 1 2 |  2.2
Summonings     | 1 2 |  2.2
Necromancy     | 1 2 |  2.2
Translocations | 1 2 |  2.2
Fire Magic     | 1 2 |  2.2
Ice Magic      | 1 2 |  2.2
Air Magic      | 1 2 |  2.2
Earth Magic    | 1 2 |  2.2
Alchemy        | 1 2 |  2.2
Shapeshifting  | 3 |  3.6
Fighting       | |  1.0
Dodging        | |  2.1
Unarmed Combat | |  3.0

Action                     |  1- 3 |  4- 6 || total
---------------------------+-------+-------++-------
  Melee: Unarmed           |    18 |       ||    18
         Dagger            |    98 |    17 ||   115
         Punch             |     2 |       ||     2
         Spear             |       |    30 ||    30
   Cast: Magic Dart        |    20 |    35 ||    55
   Stab: Sleeping          |     1 |       ||     1
 Armour: Animal skin       |    56 |    34 ||    90
  Dodge: Dodged            |    83 |    35 ||   118

Table legend: (Time is in decaauts)
 A = Elapsed time spent in this place.
 B = Non-inter-level travel time spent in this place.
 C = Inter-level travel time spent in this place.
 D = Time resting spent in this place.
 E = Time spent auto-exploring this place.
 F = Levels seen in this place.
 G = Mean time per level.
                   A        B        C        D        E       F      G
               +--------+--------+--------+--------+--------+-----+--------+
         Total |   2701 |   2569 |    132 |    435 |   1646 |   4 |  675.2 |
       Dungeon |   2701 |   2569 |    132 |    435 |   1646 |   4 |  675.2 |
               +--------+--------+--------+--------+--------+-----+--------+

Top non-repeatable levels by time:
     D:2: 912 daAuts
     D:1: 855 daAuts
     D:3: 817 daAuts
     D:4: 116 daAuts
